 Dungeon Crawl Stone Soup version 0.30-a0-12-gd8047c6341 (webtiles) character file.

Game seed: 11813113838994136695

35 siradein the Ruffian (level 3, 26/26 HPs)
             Began as a Draconian Transmuter on Aug 23, 2022.
             Quit the game on level 2 of the Dungeon.
             The game lasted 00:02:32 (1247 turns).

siradein the Ruffian (Draconian Transmuter)         Turns: 1247, Time: 00:02:32

Health: 26/26      AC:  7    Str: 12    XL:     3   Next: 16%
Magic:  5/6        EV: 12    Int: 15    God:
Gold:   86         SH:  0    Dex: 11    Spells: 3/6 levels left

rFire   . . .      SeeInvis .      - Unarmed
rCold   . . .      Faith    .    (no shield)
rNeg    . . .      Spirit   .    (body armour unavailable)
rPois   .          Reflect  .    (helmet restricted)
rElec   .          Harm     .    (no cloak)
rCorr   .          Rampage  .    d - +1 pair of gloves
Will    .....                    (no boots)
Stlth   +.........               (no amulet)
HPRegen 0.08/turn                (no ring)
MPRegen 0.10/turn                (no ring)

@: no status effects
A: AC +5, unfitting armour, cold-blooded, frail 1, inhibited regeneration
a: no special abilities


You were on level 2 of the Dungeon.
You visited 1 branch of the dungeon, and saw 2 of its levels.

You collected 86 gold pieces.

Inventory:

Armour
 d - a +1 pair of gloves (worn)
Scrolls
 b - a scroll of vulnerability {unknown}
 c - 2 scrolls of blinking
 g - 2 scrolls of noise {unknown}
 h - a scroll of summoning {unknown}
 i - a scroll of teleportation {unknown}
 j - a scroll of amnesia {unknown}
 o - a scroll of fear {unknown}
Potions
 a - a potion of lignification
 e - a potion of heal wounds
 k - a potion of might {unknown}
 l - a potion of degeneration {unknown}
 n - a potion of curing


   Skills:
 + Level 1.8 Fighting
 + Level 2.1 Dodging
 + Level 3.2 Unarmed Combat
 + Level 2.3 Spellcasting
 + Level 2.4 Transmutations


You had 3 spell levels left.
You knew the following spells:

 Your Spells              Type           Power      Damage    Failure   Level
a - Beastly Appendage     Tmut           16%        N/A       9%          1
b - Wereblood             Tmut           8%         N/A       12%         2

Your spell library contained the following spells:

 Spells                   Type           Power      Damage    Failure   Level
 Spider Form              Tmut/Pois      5%         N/A       36%         3
 Confusing Touch          Hex            1%         N/A       54%         3
 Ice Form                 Ice/Tmut       5%         N/A       78%         4
 Yara's Violent Unravell  Hex/Tmut       2%         3d3       98%         5
 Enfeeble                 Hex            0%         N/A       100%        7


Dungeon Overview and Level Annotations

Branches:
Dungeon (2/15)

Altars:


Innate Abilities, Weirdness & Mutations

Your plain brown scales are hard. (AC +5)
You cannot fit into any form of body armour.
You are cold-blooded and may be slowed by cold attacks.
You are frail. (-10% HP)
You do not regenerate when monsters are visible.


Message History

A rat is nearby!
Casting: Beastly Appendage (safe; 9% risk of failure)
Confirm with . or Enter, or press ? or * to list all spells.
You grow a pair of large bovine horns.
Your feet morph into talons.
The rat bites you.
You hit the rat but do no damage. You claw the rat.
You kill the rat!
No target in view!
No target in view!
Your transformation is almost over.
HP restored.
Your horns disappear.
Your talons disappear.
You now have 75 gold pieces (gained 10).
Found a stone staircase leading down.
You now have 86 gold pieces (gained 11).
n - a sedimented golden potion
Found a stone staircase leading up.
o - a scroll labelled HAAS COMUWA Done exploring.
Done exploring.
Done exploring.
Done exploring.
No target in view!
No target in view!
As you read the scroll labelled HABENE DEEF, it crumbles to dust.
It is a scroll of identify.
m - 2 potions of mutation
As you read the scroll of identify, it crumbles to dust.
n - a potion of curing
As you read the scroll of identify, it crumbles to dust.
e - a potion of heal wounds Really quaff the potion of mutation?
You feel extremely strange.
You feel less energetic.
Your fingernails lengthen.
Really quaff the potion of mutation?
You feel extremely strange.
Your fingernails shrink to normal size.
You feel more energetic.
You feel frail.
Your regeneration stops near monsters.
Unknown command.
Are you sure you want to abandon this character and quit the game? (Confirm with "yes".)

...# ...# #### # # # #
######################
................@....#
################.#####
##############.#.#
...............#.#
##############.#.#
.................#
.8.8.#.#######.###
.._....# #.#
.....###### #.#


There were no monsters in sight!

Vanquished Creatures
  A worm (D:2)
  A dart slug (D:1)
  A bat (D:2)
  4 endoplasms (D:1)
  5 goblins
  3 hobgoblins (D:2)
  3 kobolds
  A quokka (D:1)
  A ball python (D:2)
  A frilled lizard (D:1)
  5 rats (D:2)
26 creatures vanquished.

Notes
Turn   | Place    | Note
-------+----------+-------------------------------------------
     0 | D:1      | siradein the Draconian Transmuter began the quest for the
                  | Orb.
     0 | D:1      | Reached XP level 1. HP: 16/16 MP: 3/3
   121 | D:1      | Reached XP level 2. HP: 23/23 MP: 3/5
   665 | D:2      | Learned a level 2 spell: Wereblood
   865 | D:2      | Reached XP level 3. HP: 29/29 MP: 6/6
   871 | D:2      | Found a faded altar of an unknown god.
  1245 | D:2      | Gained mutation: Your magical capacity is low. (-10% MP)
                  | [potion of mutation]
  1245 | D:2      | Gained mutation: You have sharp fingernails. [potion of
                  | mutation]
  1246 | D:2      | Lost mutation: You have sharp fingernails. [potion of
                  | mutation]
  1246 | D:2      | Lost mutation: Your magical capacity is low. (-10% MP)
                  | [potion of mutation]
  1246 | D:2      | Gained mutation: You are frail. (-10% HP) [potion of
                  | mutation]
  1246 | D:2      | Gained mutation: You do not regenerate when monsters are
                  | visible. [potion of mutation]
  1247 | D:2      | Quit the game

Illustrated notes

Levels and vault maps discovered:
D:1:      denvon_arrival_waterhouse, layout_rooms
D:2:      layout_basic, dreamdust_ecumenical_altar_statues

Skill      XL: |  1  2 |
---------------+-------+-----
Dodging        | 2 |  2.1
Fighting       | |  1.8
Unarmed Combat | |  3.2
Spellcasting   | |  2.3
Transmutations | |  2.4

Action                   || total
-------------------------++-------
Melee: Unarmed           ||    54
       Kick              ||    10
       Tailslap          ||     8
       Headbutt          ||     4
 Cast: Beastly Appendage ||    19
  Use: Scroll            ||     4
       Potion            ||     2
Armor: Skin              ||    11
Dodge: Dodged            ||    26

Table legend: (Time is in decaauts)
 A = Elapsed time spent in this place.
 B = Non-inter-level travel time spent in this place.
 C = Inter-level travel time spent in this place.
 D = Time resting spent in this place.
 E = Time spent auto-exploring this place.
 F = Levels seen in this place.
 G = Mean time per level.
                   A        B        C        D        E       F      G
               +--------+--------+--------+--------+--------+-----+--------+
         Total |   1246 |   1206 |     40 |      0 |   1011 |   2 |  623.0 |
       Dungeon |   1246 |   1206 |     40 |      0 |   1011 |   2 |  623.0 |
               +--------+--------+--------+--------+--------+-----+--------+

Top non-repeatable levels by time:
     D:1: 655 daAuts
     D:2: 591 daAuts
